 Dungeon Crawl Stone Soup version 0.26-b1-32-g5d43845318 (webtiles) character file.

Game seed: 7276298083783667388

20372 Arthanis the Arsonist (level 12, -1/66 HPs)
             Began as a Deep Elf Fire Elementalist on Jan 11, 2021.
             Was a High Priest of Vehumet.
             Slain by a war gargoyle
             ... wielding a +1 morningstar of protection
              (25 damage)
             ... on level 12 of the Dungeon.
             The game lasted 00:31:34 (18131 turns).

Arthanis the Arsonist (Deep Elf Fire Elementalist) Turns: 18131, Time: 00:31:35

Health: -1/66      AC:  4    Str:  5    XL:     12   Next: 44%
Magic:  4/29       EV: 21    Int: 26    God:    Vehumet [*****.]
Gold:   491        SH:  7    Dex: 15    Spells: 4/34 levels left

rFire    . . .     SeeInvis .   M - +7 spear (venom)
rCold    . . .     Faith    .   x - +2 buckler
rNeg     . . .     Spirit   .   a - +0 robe
rPois    .         Reflect  .   (no helmet)
rElec    .         Harm     .   q - +0 cloak
rCorr    .         Rampage  .   H - +0 pair of gloves
Will     +....                  (no boots)
Stlth    ++........             v - amulet of magic regeneration
HPRegen  0.21/turn              K - ring of wizardry
MPRegen  0.46/turn              w - +4 ring of evasion

@: about to teleport
A: no striking features
a: Renounce Religion


You were on level 12 of the Dungeon.
You worshipped Vehumet.
Vehumet was extremely pleased with you.
You visited 1 branch of the dungeon, and saw 12 of its levels.

You collected 908 gold pieces.
You spent 417 gold pieces at shops.

Inventory:

Hand Weapons
 f - a +0 falchion of venom
 i - a +1 whip of electrocution
 p - a +4 quarterstaff of chaos
 M - a +7 spear of venom (weapon)
Armour
 a - a +0 robe (worn)
 q - a +0 cloak (worn)
 u - the +3 robe of Compassion {Regen+ Str-5 SInv}
   (You found it on level 8 of the Dungeon)

   It affects your strength (-5).
   It lets you see invisible.
   It increases your rate of regeneration.
 x - a +2 buckler (worn)
 A - a +1 leather armour of cold resistance
 H - a +0 pair of gloves (worn)
 O - a scarf of shadows
Magical Staves
 B - an uncursed staff of cold
Jewellery
 h - an uncursed ring of flight
 t - an uncursed ring of protection from cold
 v - an amulet of magic regeneration (around neck)
 w - a +4 ring of evasion (right hand)
 y - an uncursed amulet of the acrobat
 K - a ring of wizardry (left hand)
Wands
 m - a wand of flame (37)
 o - a wand of polymorph (8)
 F - a wand of disintegration (9)
 G - a wand of iceblast (10)
 N - a wand of acid (5)
Scrolls
 b - 3 scrolls of immolation
 e - 3 scrolls of amnesia
 j - 4 scrolls of remove curse
 s - 5 scrolls of fear
 J - 4 scrolls of magic mapping
 L - 4 scrolls of teleportation
 Q - a scroll of identify
Potions
 c - a potion of haste
 d - 4 potions of attraction
 g - a potion of might {unknown}
 k - 4 potions of mutation {unknown}
 l - 2 potions of berserk rage {unknown}
 n - a potion of heal wounds {unknown}
 r - 3 potions of ambrosia {unknown}
 z - 2 potions of curing
 C - 3 potions of brilliance {unknown}
 D - a potion of degeneration {unknown}
 E - 3 potions of lignification {unknown}
 I - a potion of flight {unknown}
 P - a potion of invisibility


   Skills:
 - Level 4.0 Fighting
 - Level 8.0 Dodging
 - Level 3.0 Stealth
 - Level 4.0 Shields
 + Level 11.7 Spellcasting
 + Level 9.6 Conjurations
 * Level 13.8 Fire Magic
 - Level 6.1 Evocations


You had 4 spell levels left.
You knew the following spells:

 Your Spells              Type           Power        Failure   Level
a - Foxfire               Conj/Fire      100%         1%          1
b - Conjure Flame         Conj/Fire      66%          1%          3
c - Sticky Flame          Conj/Fire      66%          1%          4
d - Fireball              Conj/Fire      33%          1%          5
e - Stone Arrow           Conj/Erth      80%          1%          3
f - Mephitic Cloud        Conj/Pois/Air  31%          1%          3
g - Shock                 Conj/Air       100%         1%          1
h - Blink                 Tloc           N/A          2%          2
i - Call Imp              Summ           15%          2%          2
j - Iskenderun's Battles  Conj           60%          1%          5
k - Magic Dart            Conj           100%         1%          1

Your spell library contained the following spells:

 Spells                   Type           Power        Failure   Level
 Conjure Ball Lightning   Conj/Air       20%          10%         6
 Sandblast                Erth           30%          1%          1
 Inner Flame              Hex/Fire       50%          1%          3
 Passwall                 Tmut/Erth      12%          2%          2
 Poisonous Vapours        Pois/Air       30%          2%          2
 Slow                     Hex            15%          2%          2
 Petrify                  Tmut/Erth      15%          16%         4
 Irradiate                Conj/Tmut      20%          1%          5
 Lee's Rapid Deconstruct  Erth           7%           12%         5
 Freezing Cloud           Conj/Ice/Air   15%          17%         6
 Hydra Form               Tmut           7%           90%         6
 Statue Form              Tmut/Erth      10%          90%         6
 Dragon Form              Tmut           7%           100%        7


Dungeon Overview and Level Annotations

Branches:
Dungeon (12/15)            Temple (0/1) D:4            Lair (0/6) D:8
    Orc (0/2) D:9

Altars:
Ashenzari
Dithmenos
Elyvilon
Fedhas
Gozag
Hepliaklqana
Kikubaaqudgha
Makhleb
Ru
Trog
Vehumet
Xom
Yredelemnul
The Shining One

Shops:
D:7 (   D:11 *

Annotations:
D:7 5 runed translucent doors
D:8 3 runed translucent doors, Raspi's ghost, novice FoFi
D:9 2 transporters, Haveh's ghost, novice GrEE
D:10 1 runed translucent door


Message History

The war gargoyle burns!
You block the war gargoyle's attack.
The war gargoyle burns!
The war gargoyle burns!
The war gargoyle launches metal splinters at you.
The spray of metal splinters misses you.
The war gargoyle burns!
The war gargoyle stops burning.
The war gargoyle launches metal splinters at you.
The spray of metal splinters hits you!!
Casting: Sticky Flame (safe; 1% risk of failure)
Confirm with . or Enter, or press ? or * to list all spells.
Okay, then.
Aiming: Corrosive Bolt
Press: ? - help, Shift-Dir - straight line, f/p - war gargoyle
Aim: a war gargoyle, wielding a +1 morningstar of protection (heavily damaged, catching its breath, 6% to evade)
The bolt of acid hits the war gargoyle but does no damage.
The war gargoyle is heavily damaged.
As you read the scroll of teleportation, it crumbles to dust.
You feel strangely unstable. You block the war gargoyle's attack.
The war gargoyle hits you with a +1 morningstar of protection!!
You die...

..##########'#####..)))))..
..#................#####...
..#................#
..#...........)....#
..#.........(....*.#
..#................#
..#.......##......##
#####+####....9.##
#.............@..#
#................##############
#.........................#....
#.........................#...§
#.......##......##........#..v.
#.......#######'##....[...#..v.
##########................#..§§
#................#..#v
#......###########..#.


You could see a war gargoyle (catching breath) and a friendly battlesphere.

Vanquished Creatures
  A boulder beetle (D:12)
  A centaur warrior (D:9)
  A two-headed ogre (D:12)
  An unseen horror (D:12)
  Pikel (D:5)
  A manticore (D:12)
  3 cyclopes
  6 gargoyles (D:12)
  A redback zombie (D:11)
  A freezing wraith (D:9)
  3 trolls
  4 slime creatures (D:12)
  Sigmund (D:6)
  A wraith (D:12)
  4 wyverns
  10 yaks
  4 basilisks
  Menkaure (D:7)
  A soldier ant (D:10)
  Duvessa (D:6)
  A water moccasin (D:11)
  3 black bears
  11 orc warriors
  A swamp drake (D:8)
  6 ice beasts
  4 phantoms
  6 sky beasts
  10 ogres
  An eye of draining (D:10)
  A necrophage (D:9)
  15 centaurs
  4 lemures
  5 big kobolds
  8 bullfrogs
  3 gnoll sergeants (D:9)
  Dowan (D:6)
  3 scorpions
  5 killer bees
  9 wights
  10 electric eels (D:11)
  A howler monkey (D:11)
  A centaur zombie (D:6)
  3 jellies
  2 quasits
  A bullfrog zombie (D:12)
  7 hounds
  8 orc priests
  8 orc wizards
  Crazy Yiuf (D:3)
  A bullfrog skeleton (D:9)
  Jessica (D:3)
  An iguana (D:10)
  Terence (D:2)
  10 worker ants
  A hound zombie (D:11)
  A hound skeleton (D:8)
  A worker ant zombie (D:8)
  12 gnolls
  21 adders
  2 shadow imps
  A white imp (D:8)
  2 ufetubi (D:5)
  4 oozes
  4 adder skeletons
  A worm (D:4)
  6 dart slugs
  11 leopard geckos
  37 orcs
  2 giant cockroaches
  4 goblins
  8 hobgoblins
  9 jackals
  3 quokkas
  2 ball pythons
  5 bats
  8 frilled lizards
  18 kobolds
  A leopard gecko zombie (D:8)
  8 rats
372 creatures vanquished.

Vanquished Creatures (collateral kills)
  A centaur (D:12)
  3 foxfires (D:11)
4 creatures vanquished.

Vanquished Creatures (others)
  A wizard (D:5)
  1536 foxfires
  2 fungi (D:3)
  72 plants
  3 withered plants (D:4)
1614 creatures vanquished.

Grand Total: 1990 creatures vanquished

Notes
Turn   | Place    | Note
-------+----------+-------------------------------------------
     0 | D:1      | Arthanis the Deep Elf Fire Elementalist began the quest for
                  | the Orb.
     0 | D:1      | Reached XP level 1. HP: 10/10 MP: 6/6
   416 | D:1      | Reached XP level 2. HP: 15/15 MP: 4/8
   910 | D:1      | Reached skill level 4 in Fire Magic
  1348 | D:2      | Reached XP level 3. HP: 19/19 MP: 5/10
  1398 | D:2      | Noticed Terence
  1406 | D:2      | Killed Terence
  1415 | D:2      | Learned a level 3 spell: Conjure Flame
  1478 | D:2      | Found a broken altar of Ashenzari.
  1528 | D:2      | Reached XP level 4. HP: 22/24 MP: 6/11
  1533 | D:2      | Learned a level 4 spell: Sticky Flame
  1999 | D:2      | Found a hazy altar of Hepliaklqana.
  1999 | D:2      | Found a faded altar of an unknown god.
  2005 | D:2      | Found a shadowy altar of Dithmenos.
  2057 | D:2      | Found a glowing golden altar of the Shining One.
  2058 | D:2      | Found a faded altar of an unknown god.
  2251 | D:2      | Reached skill level 5 in Fire Magic
  2270 | D:2      | Reached XP level 5. HP: 13/28 MP: 5/13
  3415 | D:3      | Noticed Jessica
  3435 | D:3      | Killed Jessica
  3579 | D:3      | Found a white marble altar of Elyvilon.
  3911 | D:3      | Found a runed translucent door.
  3912 | D:3      | Noticed Crazy Yiuf
  3919 | D:3      | Killed Crazy Yiuf
  4055 | D:4      | Reached XP level 6. HP: 32/32 MP: 8/15
  4192 | D:4      | Reached skill level 5 in Spellcasting
  4387 | D:4      | Reached skill level 6 in Fire Magic
  4600 | D:4      | Reached XP level 7. HP: 36/36 MP: 7/17
  4912 | D:4      | Found a blossoming altar of Fedhas.
  4913 | D:4      | Found an ancient bone altar of Kikubaaqudgha.
  5081 | D:4      | Found a staircase to the Ecumenical Temple.
  5123 | D:4      | Learned a level 5 spell: Fireball
  5127 | D:4      | Learned a level 3 spell: Stone Arrow
  5162 | D:5      | Entered Level 5 of the Dungeon
  5275 | D:5      | Reached skill level 7 in Fire Magic
  6036 | D:4      | Reached skill level 5 in Conjurations
  6036 | D:4      | Reached XP level 8. HP: 13/41 MP: 12/20
  6040 | D:4      | Reached skill level 8 in Fire Magic
  6388 | D:5      | Found a bloodstained altar of Trog.
  6389 | D:5      | Noticed a wizard
  6515 | D:5      | Killed a wizard
  6609 | D:6      | Noticed Duvessa
  6609 | D:6      | Noticed Dowan
  6609 | D:6      | Noticed Pikel
  6816 | D:5      | Killed Pikel
  6817 | D:5      | Reached skill level 9 in Fire Magic
  7201 | D:6      | Killed Duvessa
  7318 | D:6      | Killed Dowan
  7326 | D:6      | Reached XP level 9. HP: 45/45 MP: 12/23
  7449 | D:6      | Found a shimmering altar of Xom.
  7454 | D:6      | Noticed Sigmund
  7467 | D:6      | Killed Sigmund
  7614 | D:6      | Reached skill level 1 in Evocations
  7661 | D:6      | Found a basalt altar of Yredelemnul.
  7751 | D:6      | Identified the cursed +1 ring mail of a Gauntlet {*Slow
                  | rElec rN++ Int+2}
  7846 | D:6      | Found a sacrificial altar of Ru.
  7860 | D:6      | Reached skill level 1 in Fighting
  7860 | D:6      | Reached skill level 10 in Fire Magic
  7997 | D:7      | Found a burning altar of Makhleb.
  8147 | D:7      | Found a radiant altar of Vehumet.
  8157 | D:7      | Became a worshipper of Vehumet
  8215 | D:7      | Learned a level 3 spell: Mephitic Cloud
  8280 | D:7      | Found Reehaa's Weapon Shoppe.
  8656 | D:7      | You fall into a shaft and drop 1 floor!
  8656 | D:8      | Found a runed translucent gate.
  8656 | D:8      | Found an opulent altar of Gozag.
  8656 | D:8      | Found a runed translucent gate.
  8656 | D:8      | Found a runed translucent gate.
  8657 | D:8      | Noticed Raspi's ghost (novice FoFi)
  8680 | D:7      | Found the +9 staff of Olgreb {rPois∞}
  8910 | D:7      | Noticed Menkaure
  8919 | D:7      | Killed Menkaure
  8970 | D:7      | Found a runed translucent door.
  8971 | D:7      | Found a runed translucent gate.
  8971 | D:7      | Found a runed translucent gate.
  8980 | D:7      | Found a runed translucent door.
  8999 | D:7      | Found a runed translucent gate.
  9289 | D:7      | Reached * piety under Vehumet
  9289 | D:7      | Offered knowledge of Freeze by Vehumet.
  9490 | D:8      | Reached XP level 10. HP: 53/53 MP: 12/25
  9917 | D:8      | Got a warped robe
 10232 | D:8      | Reached skill level 11 in Fire Magic
 10317 | D:8      | Found a staircase to the Lair.
 10340 | D:8      | Reached skill level 5 in Dodging
 10833 | D:9      | Noticed a centaur warrior
 10846 | D:10     | Entered Level 10 of the Dungeon
 10861 | D:10     | Offered knowledge of Shock by Vehumet.
 10867 | D:10     | Reached skill level 10 in Spellcasting
 10867 | D:10     | Reached ** piety under Vehumet
 10902 | D:10     | Identified the +3 robe of Compassion {Regen+ Str-5 SInv}
                  | (You found it on level 8 of the Dungeon)
 11164 | D:10     | Found a runed translucent door.
 11165 | D:10     | Noticed a centaur warrior
 11167 | D:10     | Noticed a stone giant
 11416 | D:10     | Learned a level 1 spell: Shock
 11419 | D:10     | Learned a level 2 spell: Blink
 11559 | D:10     | Learned a level 2 spell: Call Imp
 12046 | D:10     | Reached skill level 12 in Fire Magic
 12509 | D:9      | Killed a centaur warrior
 12532 | D:10     | Reached XP level 11. HP: 22/57 MP: 3/27
 12721 | D:9      | Offered knowledge of Searing Ray by Vehumet.
 13187 | D:9      | Reached *** piety under Vehumet
 13423 | D:9      | Found a transporter.
 13521 | D:9      | Noticed Haveh's ghost (novice GrEE)
 13527 | D:9      | Found a transporter.
 13558 | D:9      | Found a staircase to the Orcish Mines.
 14113 | D:9      | Reached skill level 13 in Fire Magic
 14226 | D:9      | Reached skill level 1 in Shields
 14520 | D:11     | Offered knowledge of Frozen Ramparts by Vehumet.
 15073 | D:11     | Reached **** piety under Vehumet
 15182 | D:11     | Offered knowledge of Iskenderun's Battlesphere by Vehumet.
 15449 | D:11     | Found Pyigi's Assorted Antiques.
 15486 | D:11     | Bought a scroll of teleportation for 72 gold pieces
 15486 | D:11     | Bought a scroll of identify for 48 gold pieces
 15486 | D:11     | Bought a glowing scarf for 192 gold pieces
 15486 | D:11     | Bought a cyan potion for 21 gold pieces
 15486 | D:11     | Bought a scroll of fear for 84 gold pieces
 15509 | D:11     | Learned a level 5 spell: Iskenderun's Battlesphere
 15511 | D:11     | Learned a level 1 spell: Magic Dart
 15949 | D:11     | You fall into a shaft and drop 1 floor!
 15960 | D:12     | Killed an unseen horror
 15961 | D:12     | Reached skill level 5 in Evocations
 16183 | D:12     | Noticed a boulder beetle
 16488 | D:12     | Killed a boulder beetle
 16489 | D:12     | Reached XP level 12. HP: 28/66 MP: 0/29
 17503 | D:12     | Noticed a two-headed ogre
 17514 | D:12     | Killed a two-headed ogre
 17950 | D:12     | Reached ***** piety under Vehumet
 17955 | D:12     | Offered knowledge of Conjure Ball Lightning by Vehumet.
 18114 | D:12     | Noticed a war gargoyle
 18131 | D:12     | Slain by a war gargoyle

Illustrated notes

Levels and vault maps discovered:
D:1:      sevenhm_arrival_forest_fort_large_4, layout_rooms
D:2:      layout_basic, old_standard_altar, chequers_temple_overflow_minitemple,
          uniq_terence
D:3:      mumra_celtic_spiral_tile, layout_loops_ring, elyvilon_altar_1,
          uniq_jessica, uniq_crazy_yiuf_cottage
D:4:      layout_layer_cave, grunt_temple_overflow_growth_and_decay,
          minmay_temple_entry_crystal_x, minmay_diced_spiral
D:5:      layout_rooms, minmay_statues_item, wad_floor_pattern_1,
          kennysheep_diamond, trog_wizard
D:6:      layout_rooms, nicolae_ru_awakened_eye, lemuel_doored_altar,
          kennysheep_mini, minmay_misc_feat_enclosed, uniq_duvessa, uniq_pikel,
          uniq_sigmund
D:7:      layout_gridville, bloody_makhleb, lemuel_crystal_altar, serial_shops,
          kennysheep_mini_moat, minmay_guarded_unrand_staff_of_olgreb,
          uniq_menkaure
D:8:      layout_cave_pools, erik_lair_dragon, ebering_ghost_gozag
D:9:      kennysheep_windowed_halls, layout_cross,
          kennysheep_orc_monster_closet_entryway, gammafunk_ghost_hive
D:10:     layout_grid_maze, st_stairs_1, wad_hexagon
D:11:     layout_basic, serial_shops, nicolae_shop_trees, serial_bayou,
          serial_bayou_lake_a, serial_bayou_pond_d, serial_bayou_ford_a,
          serial_bayou_lagoon_b
D:12:     gargoyle_guard, layout_stronghold, chequers_serial_rivers_micro_c

Skill      XL: |  1  2  3  4  5  6  7  8  9 10 11 12 |
---------------+-------------------------------------+-----
Fire Magic     | 4 5 6 7 9 10 12 13 | 13.8
Conjurations   | 2 3 4 5 6 7 8 9 |  9.6
Spellcasting   | 4 5 6 8 9 10 11 | 11.7
Evocations     | 3 4 5 6 |  6.1
Stealth        | 3 |  3.0
Fighting       | 2 3 4 |  4.0
Dodging        | 4 6 7 8 |  8.0
Shields        | 4 |  4.0

Action                   |  1- 3 |  4- 6 |  7- 9 | 10-12 || total
-------------------------+-------+-------+-------+-------++-------
Melee: Unarmed           |     1 |       |       |       ||     1
       Falchion          |       |    11 |     1 |     3 ||    15
       Staff             |       |       |       |     1 ||     1
       Spear             |       |       |       |    12 ||    12
 Cast: Foxfire           |    86 |   156 |   279 |   400 ||   921
       Sticky Flame      |       |     2 |    16 |    34 ||    52
       Fireball          |       |       |    12 |   111 ||   123
       Conjure Flame     |       |       |       |     2 ||     2
       Mephitic Cloud    |       |       |       |     2 ||     2
       Shock             |       |       |       |     4 ||     4
       Iskenderun's Batt |       |       |       |     6 ||     6
       Call Imp          |       |       |       |     5 ||     5
       Stone Arrow       |       |       |       |     4 ||     4
Evoke: Wand              |       |       |       |     6 ||     6
  Use: Potion            |       |       |     3 |     2 ||     5
       Scroll            |       |       |     5 |    17 ||    22
 Stab: Confused          |       |       |       |     1 ||     1
Armor: Robe              |     2 |     2 |     3 |     6 ||    13
Dodge: Dodged            |     4 |    21 |   110 |    99 ||   234
Block: Buckler           |       |       |       |    17 ||    17
       Rpst.: Falchion   |       |     5 |    18 |    12 ||    35
